 Dungeon Crawl Stone Soup version 0.28.0 (webtiles) character file.

Game seed: 1608667730878160993

39 beardedkeet the Grasshopper (level 3, -3/18 HPs)
             Began as a Spriggan Warper on Feb 7, 2022.
             Slain by a gnoll (5 damage)
             ... on level 2 of the Dungeon.
             The game lasted 00:09:00 (2555 turns).

beardedkeet the Grasshopper (Spriggan Warper)       Turns: 2555, Time: 00:09:00

Health: -3/18      AC:  3    Str:  9    XL:     3   Next: 28%
Magic:  8/8        EV: 17    Int: 14    God:
Gold:   20         SH:  0    Dex: 14    Spells: 7/7 levels left

rFire   . . .      SeeInvis +   d - +0 dagger
rCold   . . .      Faith    .   (no shield)
rNeg    . . .      Spirit   .   b - +1 robe
rPois   .          Reflect  .   (helmet restricted)
rElec   .          Harm     .   (no cloak)
rCorr   .          Rampage  .   (gloves unavailable)
Will    .....                   (boots unavailable)
Stlth   +.........              (no amulet)
HPRegen 0.06/turn               (no ring)
MPRegen 0.11/turn               (no ring)

@: very quick
A: very small, no large weapons, unfitting armour, see invisible, speed 3
a: no special abilities


You were on level 2 of the Dungeon.
You visited 1 branch of the dungeon, and saw 2 of its levels.

You collected 20 gold pieces.

Inventory:

Hand Weapons
 d - a +0 dagger (weapon)
Missiles
 h - 12 sling bullets
Armour
 b - a +1 robe (worn)
Scrolls
 a - a scroll of magic mapping {unknown}
Potions
 i - a potion of haste
 j - 3 potions of might {unknown}
 l - a potion of degeneration {unknown}
 m - a potion of lignification {unknown}


   Skills:
 - Level 1.6 Fighting
 - Level 2.2 Short Blades
 + Level 3.0 Throwing
 - Level 3.2 Dodging
 - Level 2.7 Spellcasting
 - Level 4.4 Translocations


You had 7 spell levels left.
You didn't know any spells.
Your spell library contained the following spells:

 Spells                   Type           Power      Damage    Failure   Level
 Blink                    Tloc           28%        N/A       5%          2
 Gell's Gravitas          Tloc           14%        N/A       11%         3
 Lesser Beckoning         Tloc           14%        N/A       11%         3
 Teleport Other           Tloc           14%        N/A       11%         3
 Manifold Assault         Tloc           14%        N/A       69%         5


Dungeon Overview and Level Annotations

Branches:
Dungeon (2/15)

Altars:


Innate Abilities, Weirdness & Mutations

You are very small and have problems with some larger weapons.
You are too small for most types of armour.
You have supernaturally acute eyesight. (SInv)
You cover ground extremely quickly. (Speed+++)


Message History

The gnoll misses you.
You hit the gnoll.
The gnoll is heavily wounded.
The gnoll hits you with a +0 spear.
You hit the gnoll but do no damage.
The gnoll is heavily wounded.
The gnoll barely misses you.
You barely miss the gnoll.
The gnoll is heavily wounded.
The gnoll hits you with a +0 spear.
You see here a ball python skeleton.
g - a stone
g - 2 stones (gained 1)
g - 3 stones (gained 1) Throw: 3 stones
Press: ? - help, Q - select action Shift-Dir - straight line, f/p - gnoll
Aim: a gnoll, wielding a +0 spear (heavily wounded, 63% to hit)
You throw a stone. The stone barely misses the gnoll.
Throw: 2 stones
Press: ? - help, Q - select action Shift-Dir - straight line, f/p - gnoll
Aim: a gnoll, wielding a +0 spear (heavily wounded, 63% to hit)
You throw a stone. The stone completely misses the gnoll.
Throw: stone
Press: ? - help, Q - select action Shift-Dir - straight line, f/p - gnoll
Aim: a gnoll, wielding a +0 spear (heavily wounded, 63% to hit)
You throw a stone. The stone closely misses the gnoll.
The gnoll shouts!
The gnoll closely misses you.
You hit the gnoll.
The gnoll is severely wounded.
The gnoll hits you with a +0 flail!
* * * LOW HITPOINT WARNING * * *
Okay, then.
Blink to where?
Press: ? - help, Dir - move target, p - gnoll
As you read the scroll of blinking, it crumbles to dust.
The gnoll barely misses you.
There is a stone staircase leading down here.
The gnoll hits you from afar with a +0 spear.
You die...

.. #.#...#....# #.#
#####.#####....# #.#
#...#.#.§.#....#######.##
#.#.#.#.#.#.....).)g.g..#
#.#...g.#.#.....#########
#÷#######.#............#
#.#.......g.....######.#
#####.(.............# #.#
................@.#.# #.#
..)........######.#.# #.#
...........# ≈.#.# #.#
...........# ≈≈≈#.####
#.# ...........#
#.≈≈≈≈..≈..#.#
...........# .≈≈≈≈≈≈.#.#
..........!# ### #≈≈≈.#
...........# ##.#.#
...........# #.#.#


You could see a gnoll.

Vanquished Creatures
  A dart slug (D:1)
  3 bats (D:1)
  2 endoplasms
  2 giant cockroaches (D:1)
  A goblin (D:2)
  6 hobgoblins (D:1)
  3 jackals (D:1)
  2 quokkas (D:1)
  4 ball pythons
  A frilled lizard (D:1)
  4 kobolds
  4 rats (D:1)
  A spectral kobold (D:1)
34 creatures vanquished.

Vanquished Creatures (others)
  9 plants (D:2)
9 creatures vanquished.

Grand Total: 43 creatures vanquished

Notes
Turn   | Place    | Note
-------+----------+-------------------------------------------
     0 | D:1      | beardedkeet the Spriggan Warper began the quest for the
                  | Orb.
     0 | D:1      | Reached XP level 1. HP: 10/10 MP: 5/5
   354 | D:1      | Reached XP level 2. HP: 12/14 MP: 6/6
  1426 | D:1      | Found a faded altar of an unknown god.
  1461 | D:1      | Reached XP level 3. HP: 18/18 MP: 8/8
  2555 | D:2      | Slain by a gnoll

Illustrated notes

Levels and vault maps discovered:
D:1:      co_arrival_square_in_a_square_in_a_square, layout_basic,
          dreamdust_ecumenical_altar_drowned_temple
D:2:      layout_basic, minmay_misc_feat_ornament,
          chequers_serial_rivers_small_a, serial_bayou_pond_a, uniq_robin

Skill      XL: |  1  2  3 |
---------------+----------+-----
Throwing       | 2 3 |  3.0
Fighting       | |  1.6
Short Blades   | |  2.2
Dodging        | |  3.2
Spellcasting   | |  2.7
Translocations | |  4.4

Action                   || total
-------------------------++-------
Melee: Short sword       ||   141
       Dagger            ||    39
       Punch             ||     2
Throw: Boomerang         ||     5
       Stone             ||    21
       Throwing net      ||     1
  Use: Scroll            ||     6
 Stab: Sleeping          ||     1
       Held in net/web   ||     1
Armor: Robe              ||    21
Dodge: Dodged            ||   129
